 Dungeon Crawl Stone Soup version 0.29.1-1-gd02db6906a (webtiles) character file.

Game seed: 14398940967570834834

116 NullDivider the Stinger (level 5, -1/31 HPs)
             Began as an Octopode Venom Mage on Sept 23, 2022.
             Slain by a gnoll
             ... wielding a +0 flail
              (14 damage)
             ... on level 3 of the Dungeon.
             The game lasted 00:16:08 (3606 turns).

NullDivider the Stinger (Octopode Venom Mage)       Turns: 3606, Time: 00:16:09

Health: -1/31      AC:  1    Str:  8    XL:     5   Next: 1%
Magic:  6/9        EV: 14    Int: 19    God:
Gold:   182        SH:  0    Dex: 18    Spells: 3/9 levels left

rFire   . . .      SeeInvis .   (no weapon)
rCold   + . .      Faith    .   (no shield)
rNeg    . . .      Spirit   .   (helmet restricted)
rPois   .          Reflect  .   (no amulet)
rElec   .          Harm     .   f - ring of protection from cold
rCorr   .          Rampage  .   n - +6 ring of dexterity
Will    .....                   (no ring)
Stlth   ++++......              (no ring)
HPRegen 0.10/turn               (no ring)
MPRegen 0.11/turn               (no ring)
                                (no ring)
                                (no ring)

@: no status effects
A: almost no armour, amphibious, 8 rings, camouflage 1, gelatinous body 1,
(nimble swimmer 1), tentacles
a: no special abilities


You were on level 3 of the Dungeon.
You visited 1 branch of the dungeon, and saw 3 of its levels.

You collected 182 gold pieces.

Inventory:

Jewellery
 f - a ring of protection from cold (left tentacle)
 l - a ring of ice
 n - a +6 ring of dexterity (right tentacle)
Scrolls
 b - a scroll of magic mapping {unknown}
 c - a scroll of noise {unknown}
 d - 2 scrolls of blinking
 g - 2 scrolls of identify {unknown}
 i - a scroll of butterflies {unknown}
 j - 2 scrolls of enchant weapon {unknown}
 o - a scroll of silence {unknown}
 p - a scroll of fear {unknown}
Potions
 a - 2 potions of magic
 e - a potion of haste {unknown}
 h - a potion of degeneration {unknown}
 k - a potion of ambrosia {unknown}
 m - a potion of curing
 q - a potion of mutation {unknown}


   Skills:
 * Level 2.8 Dodging
 * Level 3.8 Stealth
 * Level 2.7 Spellcasting
 + Level 0.7 Conjurations
 - Level 1.2 Transmutations
 + Level 1.1 Air Magic
 * Level 4.4 Poison Magic


You had 3 spell levels left.
You knew the following spells:

 Your Spells              Type           Power      Damage    Failure   Level
a - Sting                 Tmut/Pois      52%        1d5       4%          1
b - Poisonous Vapours     Pois/Air       26%        N/A       8%          2
c - Mephitic Cloud        Conj/Pois/Air  10%        N/A       21%         3

Your spell library contained the following spells:

 Spells                   Type           Power      Damage    Failure   Level
 Magic Dart               Conj           20%        1d4       12%         1
 Summon Small Mammal      Summ           8%         N/A       16%         1
 Static Discharge         Conj/Air       6%         3-4/arc   16%         2
 Searing Ray              Conj           10%        2d4       19%         2
 Call Canine Familiar     Summ           2%         N/A       43%         3
 Summon Guardian Golem    Hex/Summ       2%         N/A       43%         3
 Olgreb's Toxic Radiance  Pois           19%        N/A       26%         4
 Fulminant Prism          Conj/Hex       1%         3d6       80%         4
 Lightning Bolt           Conj/Air       3%         1d14      96%         5
 Maxwell's Capacitive Co  Air            3%         ∞         100%        8


Dungeon Overview and Level Annotations

Branches:
Dungeon (3/15)

Altars:

Shops:
D:1 [

Annotations:
D:3 Sigmund


Innate Abilities, Weirdness & Mutations

You cannot wear most types of armour.
You are amphibious.
You can wear up to eight rings at the same time.
Your skin changes colour to match your surroundings (Stealth+).
Your rubbery body absorbs attacks. (AC +1, EV +1)
((You are camouflaged when in or above water. (Stealth+)))
You have tentacles for arms and can constrict up to eight enemies at once.


Message History

You grab the quokka.
The quokka is moderately wounded.
You constrict the quokka. The quokka barely misses you.
You tentacle-slap the quokka but do no damage.
You squeeze the quokka.
The quokka is almost dead.
You constrict the quokka.
You kill the quokka!
You start resting.
Magic restored.
You now have 182 gold pieces (gained 12).
You open the door.
q - a bubbling brown potion You open the door.
A gnoll comes into view. It is wielding a +0 whip.
Found a dagger and a short sword.
Casting: Poisonous Vapours (safe; 8% risk of failure)
Confirm with . or Enter, or press ? or * to list all spells.
Aiming: Poisonous Vapours (safe; 8% risk of failure)
Press: ? - help, Dir - move target, f - gnoll
Aim: a gnoll, wielding a +0 whip (asleep) Poisonous vapours surround the gnoll!
The gnoll is poisoned.
The gnoll shouts!
You hear a shout!
A gnoll comes into view. It is wielding a +0 flail.
The gnoll looks more healthy.
The sting hits the gnoll.
The gnoll is poisoned.
The gnoll is severely wounded.
You tentacle-slap the gnoll. You grab the gnoll.
You squeeze the gnoll, but do no damage.
The gnoll is almost dead.
You constrict the gnoll. The gnoll hits you with a +0 whip.
You tentacle-slap the gnoll.
You kill the gnoll!
You have reached level 5!
You feel stronger.
The sting hits the gnoll.
The gnoll is poisoned.
The gnoll is moderately wounded.
The gnoll hits you with a +0 flail! The gnoll attacks as you move away!
The gnoll hits you with a +0 flail!
You die...

..###......# ......♣..####♣##.♣♣
#.########.# ##..#.#§P§§.#..#....
#.@........#....#.§P§P♣..g.P..♣.P
#.[.....####..# #.♣§♣§...♣♣.♣#...
#.#<..#.......# #...P§♣.♣♣.♣#'#P♣
#.#>.......#.####.♣♣♣.♣♣..♣##g##♣
#.#.#.#.#..# #....g....♣.#.g
#.#.#.#.#.##.# #g#P..♣♣♣♣P.##) ♣
..#.#........# #@#.♣♣.......#+
###.###.########.##...♣♣♣.♣♣.#♣♣♣
# #.###.#......... .....♣.♣.....♣
#.[..................♣.P†♣..P♣.
#.#.....#######..♣.♣♣♣.♣...♣♣♣P
#.#<..## .♣.P^P♣P.♣♣..♣♣P
...#....# ###.P.♣ ♣PPP..♣.♣♣§
.....#.#..## .....♣.P..P♣....§§.
.... #.#.†.# ....#♣.P.♣..P♣P.§♣.


You could see a gnoll (poisoned).

Vanquished Creatures
  5 gnolls
  An adder (D:2)
  2 worms (D:3)
  2 dart slugs
  10 ball pythons
  2 endoplasms (D:3)
  A giant cockroach (D:3)
  2 goblins
  3 hobgoblins
  4 jackals
  3 kobolds
  8 quokkas
  A bat (D:2)
  2 frilled lizards (D:2)
  2 rats
48 creatures vanquished.

Vanquished Creatures (others)
  3 plants (D:3)
3 creatures vanquished.

Grand Total: 51 creatures vanquished

Notes
Turn   | Place    | Note
-------+----------+-------------------------------------------
     0 | D:1      | NullDivider the Octopode Venom Mage began the quest for the
                  | Orb.
     0 | D:1      | Reached XP level 1. HP: 11/11 MP: 3/3
   569 | D:1      | Reached XP level 2. HP: 17/17 MP: 1/5
   615 | D:1      | Learned a level 2 spell: Poisonous Vapours
   617 | D:1      | Found Yddor's Armour Shop.
  1483 | D:2      | Found a faded altar of an unknown god.
  1647 | D:2      | Reached XP level 3. HP: 19/21 MP: 3/6
  1678 | D:2      | Learned a level 3 spell: Mephitic Cloud
  1738 | D:2      | Reached skill level 4 in Poison Magic
  2344 | D:2      | Reached XP level 4. HP: 27/27 MP: 1/7
  3040 | D:3      | Noticed Sigmund
  3486 | D:3      | Reached skill level 1 in Air Magic
  3605 | D:3      | Reached XP level 5. HP: 24/31 MP: 7/9
  3606 | D:3      | Slain by a gnoll

Illustrated notes

Levels and vault maps discovered:
D:1:      kennysheep_arrival_forest, layout_loops_corners, serial_shops, shop,
          minmay_misc_feat_hallway, minmay_misc_feat_iff,
          minmay_misc_feat_four_crosses
D:2:      layout_rooms, shapermc_ecumenical_altar_notcrosses
D:3:      wad_woods_tower, layout_basic, serial_corexii_hall,
          corexii_hall_statues_u, corexii_hall_statues_l, uniq_sigmund

Skill      XL: |  1  2  3  4 |
---------------+-------------+-----
Stealth        | 3 |  3.8
Poison Magic   | 4 |  4.4
Air Magic      | 1 |  1.1
Dodging        | |  2.8
Spellcasting   | |  2.7
Conjurations   | |  0.7
Transmutations | |  1.2

Action                   |  1- 3 |  4- 6 || total
-------------------------+-------+-------++-------
Melee: Unarmed           |    19 |    29 ||    48
       Constrict         |     8 |     8 ||    16
       Tentacles         |     4 |     8 ||    12
       Punch             |       |     1 ||     1
 Cast: Sting             |    36 |    20 ||    56
       Poisonous Vapours |    13 |    16 ||    29
  Use: Scroll            |       |     1 ||     1
       Potion            |       |     1 ||     1
Armor: Skin              |     1 |       ||     1
Dodge: Dodged            |     9 |    15 ||    24
